 Dungeon Crawl Stone Soup version 0.29-a0-717-g6dac4ea423 (webtiles) character file.

Game seed: 5726154943212374406

41 indigestion the Conjurer (level 3, -8/21 HPs)
             Began as an Octopode Conjurer on June 27, 2022.
             Mangled by a gnoll
             ... wielding a +0 halberd
              (15 damage)
             ... on level 2 of the Dungeon.
             The game lasted 00:04:34 (1365 turns).

indigestion the Conjurer (Octopode Conjurer)        Turns: 1365, Time: 00:04:34

Health: -8/21      AC:  1    Str:  6    XL:     3   Next: 52%
Magic:  1/7        EV: 13    Int: 22    God:
Gold:   34         SH:  0    Dex: 10    Spells: 5/8 levels left

rFire   . . .      SeeInvis .   (no weapon)
rCold   . . .      Faith    .   (no shield)
rNeg    . . .      Spirit   .   (helmet restricted)
rPois   .          Reflect  .   (no amulet)
rElec   .          Harm     .   (no ring)
rCorr   .          Rampage  .   (no ring)
Will    .....                   (no ring)
Stlth   +++.......              (no ring)
HPRegen 0.07/turn               (no ring)
MPRegen 0.10/turn               (no ring)
                                (no ring)
                                (no ring)

@: no status effects
A: almost no armour, amphibious, 8 rings, camouflage 1, gelatinous body 1,
(nimble swimmer 1), tentacles
a: no special abilities


You were on level 2 of the Dungeon.
You visited 1 branch of the dungeon, and saw 2 of its levels.

You collected 34 gold pieces.

Inventory:

Hand Weapons
 b - a +1 dagger of speed
Scrolls
 c - a scroll of torment {unknown}
 d - 3 scrolls of identify {unknown}
 f - a scroll of vulnerability {unknown}
 h - a scroll of silence {unknown}
Potions
 a - a potion of magic
 g - a potion of curing {unknown}
 i - a potion of lignification {unknown}


   Skills:
 - Level 0.8 Short Blades
 - Level 2.0 Dodging
 - Level 2.7 Stealth
 * Level 3.2 Spellcasting
 - Level 4.1 Conjurations


You had 5 spell levels left.
You knew the following spells:

 Your Spells              Type           Power      Damage    Failure   Level
a - Magic Dart            Conj           84%        1d7       2%          1
b - Searing Ray           Conj           42%        2d6       3%          2

Your spell library contained the following spells:

 Spells                   Type           Power      Damage    Failure   Level
 Dazzling Flash           Conj/Hex       24%        N/A       16%         3
 Fulminant Prism          Conj/Hex       6%         3d7       45%         4
 Iskenderun's Mystic Bla  Conj/Tloc      12%        2d5       45%         4


Dungeon Overview and Level Annotations

Branches:
Dungeon (2/15)

Altars:


Innate Abilities, Weirdness & Mutations

You cannot wear most types of armour.
You are amphibious.
You can wear up to eight rings at the same time.
Your skin changes colour to match your surroundings (Stealth+).
Your rubbery body absorbs attacks. (AC +1, EV +1)
((You are camouflaged when in or above water. (Stealth+)))
You have tentacles for arms and can constrict up to eight enemies at once.


Message History

Casting: Searing Ray (safe; 3% risk of failure)
Confirm with . or Enter, or press ? or * to list all spells.
You don't have enough magic to cast this spell.
Casting: Searing Ray (safe; 3% risk of failure)
Confirm with . or Enter, or press ? or * to list all spells.
You don't have enough magic to cast this spell.
You are now empty-tentacled.
Unknown command.
The gnoll hits you with a +0 halberd!
Ouch! That really hurt!
Really attack while wielding nothing? [Y]es or [N]o only, please.
Really attack while wielding nothing? [Y]es or [N]o only, please.
Really attack while wielding nothing?
Okay, then.
There are monsters nearby!
The gnoll barely misses you. The gnoll barely misses you.
The gnoll closely misses you. The gnoll misses you.
Casting: Searing Ray (safe; 3% risk of failure)
Confirm with . or Enter, or press ? or * to list all spells.
Aiming: Searing Ray (safe; 3% risk of failure)
Press: ? - help, Shift-Dir - straight line, f/p - gnoll
Aim: a gnoll, wielding a +0 halberd (heavily wounded, 81% to hit)
The searing ray hits the gnoll.
The gnoll is severely wounded.
The searing ray hits the gnoll.
The gnoll is moderately wounded. (Press . to maintain the ray.)
The gnoll closely misses you.
Without enough magic to sustain it, your searing ray dissipates.
The gnoll hits you from afar with a +0 halberd.
Unknown command.
The gnoll closely misses you.
You see here a +0 rapier.
The gnoll hits you from afar with a +0 halberd!
Ouch! That really hurt!
You die...

##.....## #....##
#.#.## #)#######
#.......# #.#####.#
#.# #.# #.# #.#
#####@# #.# #..g..#
#.# #g##### #.#
###.#########.#
#....>........#
########.#.###########
.........#.#
.#########.# #.#


You could see 2 gnolls.

Vanquished Creatures
  A gnoll (D:2)
  A dart slug (D:2)
  4 endoplasms (D:1)
  5 hobgoblins
  5 ball pythons (D:1)
  5 bats
  A frilled lizard (D:1)
  4 goblins
  A kobold (D:1)
  2 rats
29 creatures vanquished.

Notes
Turn   | Place    | Note
-------+----------+-------------------------------------------
     0 | D:1      | indigestion the Octopode Conjurer began the quest for the
                  | Orb.
     0 | D:1      | Reached XP level 1. HP: 11/11 MP: 3/3
   263 | D:1      | Found a faded altar of an unknown god.
   327 | D:1      | Reached XP level 2. HP: 17/17 MP: 5/5
   710 | D:1      | Learned a level 2 spell: Searing Ray
  1074 | D:1      | Reached XP level 3. HP: 21/21 MP: 7/7
  1365 | D:2      | Mangled by a gnoll

Illustrated notes

Levels and vault maps discovered:
D:1:      dpeg_arrival_morbid_curiosity, layout_loops_ring,
          shapermc_ecumenical_altar_acropolis
D:2:      layout_loops_ring, chequers_serial_rivers_small_b,
          nicolae_figureground_sparkle

Skill      XL: |  1  2  3 |
---------------+----------+-----
Spellcasting   | 3 |  3.2
Short Blades   | |  0.8
Dodging        | |  2.0
Stealth        | |  2.7
Conjurations   | |  4.1

Action                   || total
-------------------------++-------
Melee: Dagger            ||    36
       Unarmed           ||     5
       Constrict         ||     7
       Tentacles         ||     4
 Cast: Magic Dart        ||    17
       Searing Ray       ||     4
  Use: Potion            ||     2
 Stab: Sleeping          ||     8
Armor: Skin              ||     3
Dodge: Dodged            ||    22

Table legend: (Time is in decaauts)
 A = Elapsed time spent in this place.
 B = Non-inter-level travel time spent in this place.
 C = Inter-level travel time spent in this place.
 D = Time resting spent in this place.
 E = Time spent auto-exploring this place.
 F = Levels seen in this place.
 G = Mean time per level.
                   A        B        C        D        E       F      G
               +--------+--------+--------+--------+--------+-----+--------+
         Total |   1347 |   1309 |     38 |    376 |    732 |   2 |  673.5 |
       Dungeon |   1347 |   1309 |     38 |    376 |    732 |   2 |  673.5 |
               +--------+--------+--------+--------+--------+-----+--------+

Top non-repeatable levels by time:
     D:1: 1102 daAuts
     D:2: 244 daAuts
